AoeStats
← [CL] Al3jandr0.magn00

Arabia

505731048Analyzed
1v1 RM · 21d ago on Sep 10, 2026· 39m 45s· 2 players
Game mode
Random Map
Map size
Tiny (2 player)
Population
200
Speed
Normal
Resources
Standard
Victory
Conquest
Starting age
Dark Age
Ending age
Imperial Age
RankedLock teamsTeams togetherTeam positionsShared explorationLock speedFull tech treeHidden civsTurbo modeCheats
Victory
Defeat
🇦🇷 Sicilians · Argentina
1925
+11
🇸🇪 Magyars · Sweden
1819
-11
BonanaKing
6:07 Loom
8:26 Feudal Age
9:53 Double-Bit Axe
20:05 Castle Age
18:36 Horse Collar
19:14 Bloodlines
20:21 Light Cavalry
21:30 Scale Barding Armor
21:59 Bow Saw
27:16 Fletching
27:26 Town Watch
27:55 Bodkin Arrow
30:32 Wheelbarrow
34:45 Padded Archer Armor
35:22 Ballistics
35:35 Gold Mining
[CL] Al3jandr0.magn00
6:00 Loom
8:47 Feudal Age
9:42 Double-Bit Axe
21:02 Castle Age
19:09 Horse Collar
20:25 Bloodlines
20:27 Forging
21:08 Scale Barding Armor
22:19 Chain Barding Armor
29:29 Devotion
30:13 Husbandry
35:34 Wheelbarrow
38:59 Gold Mining
Connection lost

Rejoining the realm…

Still unreachable

The connection could not be restored.

Session expired

The server has moved on; the page needs a fresh start.